Workbook
Name _Hlk134541549: 'VALOR HISTORICO - PRESENTE'!#REF!

Sheet ESTUDIO DEL MERCADO
D1: ASUNTOS LEGALES - GESTIÓN CONTRACTUAL
A2: ESTUDIO DE MERCADO/ANALISIS DE COSTOS
A3: Con el fin de establecer el Presupuesto Oficial Estimado para el presente proceso de selección por la modalidad de Minima Cuantia que tiene por objeto: Prestar los servicios de mantenimiento, incluidos los repuestos originales, para las motocicletas que conforman el parque automotor a cargo de la Dirección Seccional de Administración Judicial Bogotá, la Dirección Seccional de Adminsitración Judicial de Bogotá - DSAJ de Bogotá adelantó durante el primer trimestre de la actual vigencia el análisis económico con base en el estudio de mercado efectuado, tal y como se describe a continuación:
A4: INVITACIONES A COTIZAR / SOPORTES DEL ANALISIS DE COSTOS
A5: Empresas a las cuales se realizó la invitación a Cotizar : Moto speed NL, Suzuki Motor, Motomundial, Motos Condor, UMG, Macroinversionees JD, Copcon, Tecnimotor y Carscanners
A6: ANEXOS: Hace parte integral del presente estudio de mercado, el formato de cotización, las comunicaciones mediante las cuales se remitió invitación a cotizar a los posibles interesados, las cotizaciones recibidas, así como los demás documentos que fueron tenidos en cuenta para efectuar el análisis económico.
A7: CALCULO DEL VALOR MAXIMO A PAGAR POR LA ENTIDAD
A8: En virtud de las invitaciones a cotizar, remitidas por la Dirección Seccional de Adminsitración Judicial de Bogotá - DSAJ de Bogotá, fueron remitidas dos ofertas por parte de los cotizantes: TECNIMOTOR REPUESTOS Y RECTIFICADORA S.A.S. Nit 800057113-1 y MOTO SPEED NL SAS No 900.604.596-5. Dado que se presentó una gran diferencia en los ítems cotizados, para la elaboración del presente estudio de mercado, se tuvo como base de análisis de: i.) las cotizaciones de TECNIMOTOR REPUESTOS Y RECTIFICADORA S.A.S y MOTO SPEED NL S.A.S ii.) los precios contratados (traídos a valor presente 5,2%) a través del contrato de prestación de servicios No. 002-2024 suscrito con la sociedad TECNIMOTOR REPUESTOS Y RECTIFICADORA con el objeto: “Prestar los servicios de mantenimiento preventivo y correctivo con el suministro de repuestos originales, para las motocicletas utilitarias y de esquema de seguridad que conforman el parque automotor, a cargo de la Dirección Seccional de Administración Judicial Bogotá”.
A9: ITEM | B9: DESCRIPCION | D9: UNI MEDID | E9: CANT | F9: MOTO SPEED NL SAS | G9: TECNIMOTOR REPUESTOS Y RECTIFICADORA S.A.S. | H9: VALOR HISTORIO CONTRATO 002-2024 (VALOR PRESENTE) | I9: VALOR UNITARIO PROMEDIO
F10: VR / UNITARIO CON IVA | G10: VR / UNITARIO CON IVA | H10: VR / UNITARIO CON IVA | I10: VR/UNITARIO CON IVA | J10: VALOR TOTAL
A11: 1 | B11: Batería 12V | D11: UNIDAD | E11: 1 | F11: 946050 | G11: 777314 | H11: =VLOOKUP(B11,'VALOR HISTORICO - PRESENTE'!$B$5:$F$125,5,0) -> 294616 | I11: =AVERAGE(F11:H11) -> 672660 | J11: =I11*E11 -> 672660
A12: 2 | B12: Unidad direccional | D12: UNIDAD | E12: 1 | F12: 238000 | G12: 413229 | H12: =VLOOKUP(B12,'VALOR HISTORICO - PRESENTE'!$B$5:$F$125,5,0) -> 127089.98 | I12: =AVERAGE(F12:H12) -> 259439.66 | J12: =I12*E12 -> 259439.66
A13: 3 | B13: Unidad farola | D13: UNIDAD | E13: 1 | F13: 297500 | G13: 798357 | H13: =VLOOKUP(B13,'VALOR HISTORICO - PRESENTE'!$B$5:$F$125,5,0) -> 251989.27 | I13: =AVERAGE(F13:H13) -> 449282.09 | J13: =I13*E13 -> 449282.09
A14: 4 | B14: Unidad stop | D14: UNIDAD | E14: 1 | F14: 255850 | G14: 600977 | H14: =VLOOKUP(B14,'VALOR HISTORICO - PRESENTE'!$B$5:$F$125,5,0) -> 187129.56 | I14: =AVERAGE(F14:H14) -> 347985.52 | J14: =I14*E14 -> 347985.52
A15: 5 | B15: Regulador | D15: UNIDAD | E15: 1 | F15: 654500 | G15: 1187779 | H15: =VLOOKUP(B15,'VALOR HISTORICO - PRESENTE'!$B$5:$F$125,5,0) -> 370752.14 | I15: =AVERAGE(F15:H15) -> 737677.05 | J15: =I15*E15 -> 737677.05
A16: 6 | B16: Bobina de alta | D16: UNIDAD | E16: 1 | F16: 178500 | G16: 135473 | H16: =VLOOKUP(B16,'VALOR HISTORICO - PRESENTE'!$B$5:$F$125,5,0) -> 42071.165 | I16: =AVERAGE(F16:H16) -> 118681.39 | J16: =I16*E16 -> 118681.39
A17: 7 | B17: Bobinas pulsadoras | D17: UNIDAD | E17: 1 | F17: 208250 | G17: 677612 | H17: =VLOOKUP(B17,'VALOR HISTORICO - PRESENTE'!$B$5:$F$125,5,0) -> 208602.86 | I17: =AVERAGE(F17:H17) -> 364821.62 | J17: =I17*E17 -> 364821.62
A18: 8 | B18: Cable bujía | D18: UNIDAD | E18: 1 | F18: 136850 | G18: 128004 | H18: =VLOOKUP(B18,'VALOR HISTORICO - PRESENTE'!$B$5:$F$125,5,0) -> 39880.484 | I18: =AVERAGE(F18:H18) -> 101578.16 | J18: =I18*E18 -> 101578.16
A19: 9 | B19: Arranque | D19: UNIDAD | E19: 1 | F19: 2320500 | G19: 3569833 | H19: =VLOOKUP(B19,'VALOR HISTORICO - PRESENTE'!$B$5:$F$125,5,0) -> 1111818.7 | I19: =AVERAGE(F19:H19) -> 2334050.6 | J19: =I19*E19 -> 2334050.6
A20: 10 | B20: Telescópicos | D20: JUEGO | E20: 1 | F20: 1999200 | G20: 6913569 | H20: =VLOOKUP(B20,'VALOR HISTORICO - PRESENTE'!$B$5:$F$125,5,0) -> 2179374.5 | I20: =AVERAGE(F20:H20) -> 3697381.2 | J20: =I20*E20 -> 3697381.2
A21: 11 | B21: Barra telescópicos | D21: JUEGO | E21: 1 | F21: 1785000 | G21: 1102213 | H21: =VLOOKUP(B21,'VALOR HISTORICO - PRESENTE'!$B$5:$F$125,5,0) -> 337445.8 | I21: =AVERAGE(F21:H21) -> 1074886.3 | J21: =I21*E21 -> 1074886.3
A22: 12 | B22: Botella telescópicos | D22: UNIDAD | E22: 1 | F22: 1880200 | G22: 1111118 | H22: =VLOOKUP(B22,'VALOR HISTORICO - PRESENTE'!$B$5:$F$125,5,0) -> 341828.21 | I22: =AVERAGE(F22:H22) -> 1111048.7 | J22: =I22*E22 -> 1111048.7
... A35: 25 | B35: Guaya freno delantero | D35: UNIDAD | E35: 1 | F35: 89250 | G35: 144478 | H35: =VLOOKUP(B35,'VALOR HISTORICO - PRESENTE'!$B$5:$F$125,5,0) -> 45577.095 | I35: =AVERAGE(F35:H35) -> 93101.698 | J35: =I35*E35 -> 93101.698
A36: 26 | B36: Carburador | D36: UNIDAD | E36: 1 | F36: 2439500 | G36: 2975000 | I36: =AVERAGE(F36:H36) -> 2707250 | J36: =I36*E36 -> 2707250
A37: 27 | B37: Mono shock | D37: UNIDAD | E37: 1 | F37: 2320500 | G37: 1190000 | I37: =AVERAGE(F37:H37) -> 1755250 | J37: =I37*E37 -> 1755250
A38: 28 | B38: Kit biela | D38: KIT | E38: 1 | F38: 892500 | G38: 713253 | H38: =VLOOKUP(B38,'VALOR HISTORICO - PRESENTE'!$B$5:$F$125,5,0) -> 225256.03 | I38: =AVERAGE(F38:H38) -> 610336.34 | J38: =I38*E38 -> 610336.34
A39: 29 | B39: Kit pistón | D39: KIT | E39: 1 | F39: 892500 | G39: 894879 | H39: =VLOOKUP(B39,'VALOR HISTORICO - PRESENTE'!$B$5:$F$125,5,0) -> 279597.95 | I39: =AVERAGE(F39:H39) -> 688992.32 | J39: =I39*E39 -> 688992.32
A40: 30 | B40: Cadenilla distribución | D40: UNIDAD | E40: 1 | F40: 535500 | G40: 649860 | H40: =VLOOKUP(B40,'VALOR HISTORICO - PRESENTE'!$B$5:$F$125,5,0) -> 198961.55 | I40: =AVERAGE(F40:H40) -> 461440.52 | J40: =I40*E40 -> 461440.52
A41: 31 | B41: Válvulas de admisión | D41: JUEGI | E41: 1 | F41: 380800 | G41: 330200 | H41: =VLOOKUP(B41,'VALOR HISTORICO - PRESENTE'!$B$5:$F$125,5,0) -> 101671.98 | I41: =AVERAGE(F41:H41) -> 270890.66 | J41: =I41*E41 -> 270890.66
A42: 32 | B42: Válvulas de escape | D42: JUEGO | E42: 1 | F42: 380800 | G42: 318543 | H42: =VLOOKUP(B42,'VALOR HISTORICO - PRESENTE'!$B$5:$F$125,5,0) -> 97289.569 | I42: =AVERAGE(F42:H42) -> 265544.19 | J42: =I42*E42 -> 265544.19
A43: 33 | B43: Rodamientos | D43: JUEGO | E43: 1 | F43: 214200 | G43: 263170 | H43: =VLOOKUP(B43,'VALOR HISTORICO - PRESENTE'!$B$5:$F$125,5,0) -> 81075.167 | I43: =AVERAGE(F43:H43) -> 186148.39 | J43: =I43*E43 -> 186148.39
A44: 34 | B44: Kit retenedores | D44: KIT | E44: 1 | F44: 243950 | G44: 240507 | H44: =VLOOKUP(B44,'VALOR HISTORICO - PRESENTE'!$B$5:$F$125,5,0) -> 75377.504 | I44: =AVERAGE(F44:H44) -> 186611.5 | J44: =I44*E44 -> 186611.5
A45: 35 | B45: Juego empaquetadura | D45: JUEGO | E45: 1 | F45: 589050 | G45: 467544 | H45: =VLOOKUP(B45,'VALOR HISTORICO - PRESENTE'!$B$5:$F$125,5,0) -> 145934.88 | I45: =AVERAGE(F45:H45) -> 400842.96 | J45: =I45*E45 -> 400842.96
A46: 36 | B46: Casquetes de biela | D46: JUEGO | E46: 1 | F46: 452200 | G46: 238265 | H46: =VLOOKUP(B46,'VALOR HISTORICO - PRESENTE'!$B$5:$F$125,5,0) -> 75377.504 | I46: =AVERAGE(F46:H46) -> 255280.83 | J46: =I46*E46 -> 255280.83
A47: 37 | B47: Casquetes de bancada | D47: JUEGO | E47: 1 | F47: 452200 | G47: 257847 | H47: =VLOOKUP(B47,'VALOR HISTORICO - PRESENTE'!$B$5:$F$125,5,0) -> 79759.917 | I47: =AVERAGE(F47:H47) -> 263268.97 | J47: =I47*E47 -> 263268.97
A48: 38 | B48: Rodamientos cigüeñal | D48: JUEGO | E48: 1 | F48: 172550 | G48: 313874 | H48: =VLOOKUP(B48,'VALOR HISTORICO - PRESENTE'!$B$5:$F$125,5,0) -> 98166.051 | I48: =AVERAGE(F48:H48) -> 194863.35 | J48: =I48*E48 -> 194863.35
A49: 39 | B49: Rodamientos caja | D49: JUEGO | E49: 1 | F49: 172550 | G49: 412930 | H49: =VLOOKUP(B49,'VALOR HISTORICO - PRESENTE'!$B$5:$F$125,5,0) -> 127966.46 | I49: =AVERAGE(F49:H49) -> 237815.49 | J49: =I49*E49 -> 237815.49
... A59: 49 | B59: Filtro de gasolina | D59: UNIDAD | E59: 1 | F59: 339150 | G59: 140468 | H59: =VLOOKUP(B59,'VALOR HISTORICO - PRESENTE'!$B$5:$F$125,5,0) -> 43386.415 | I59: =AVERAGE(F59:H59) -> 174334.8 | J59: =I59*E59 -> 174334.8
A60: 50 | B60: Kit de embrague | D60: KIT | E60: 1 | F60: 928200 | G60: 1785000 | I60: =AVERAGE(F60:H60) -> 1356600 | J60: =I60*E60 -> 1356600
A61: 51 | B61: Guaya | D61: UNIDAD | E61: 1 | F61: 255850 | G61: 484410 | H61: =VLOOKUP(B61,'VALOR HISTORICO - PRESENTE'!$B$5:$F$125,5,0) -> 149002.04 | I61: =AVERAGE(F61:H61) -> 296420.68 | J61: =I61*E61 -> 296420.68
A62: 52 | B62: Empaque tapa cluch | D62: UNIDAD | E62: 1 | F62: 220150 | G62: 357000 | I62: =AVERAGE(F62:H62) -> 288575 | J62: =I62*E62 -> 288575
A63: 53 | B63: Kit de arrastre | D63: KIT | E63: 1 | F63: 952000 | G63: 1011500 | I63: =AVERAGE(F63:H63) -> 981750 | J63: =I63*E63 -> 981750
A64: 54 | B64: Cambio Aceite y Lubricacion | D64: MANO DE OBRA | E64: 1 | F64: 101150 | G64: 199204 | H64: =VLOOKUP(B64,'VALOR HISTORICO - PRESENTE'!$B$5:$F$125,5,0) -> 61353.782 | I64: =AVERAGE(F64:H64) -> 120569.26 | J64: =I64*E64 -> 120569.26
A65: 55 | B65: Guaya de velocímetro | D65: UNIDAD | E65: 1 | F65: 208250 | G65: 441766 | H65: =VLOOKUP(B65,'VALOR HISTORICO - PRESENTE'!$B$5:$F$125,5,0) -> 139360.73 | I65: =AVERAGE(F65:H65) -> 263125.58 | J65: =I65*E65 -> 263125.58
A66: 56 | B66: Porta placa | D66: UNIDAD | E66: 1 | F66: 101150 | G66: 207331 | H66: =VLOOKUP(B66,'VALOR HISTORICO - PRESENTE'!$B$5:$F$125,5,0) -> 63545.515 | I66: =AVERAGE(F66:H66) -> 124008.84 | J66: =I66*E66 -> 124008.84
A67: 57 | B67: Manijas | D67: JUEGO | E67: 1 | F67: 172550 | G67: 345465 | H67: =VLOOKUP(B67,'VALOR HISTORICO - PRESENTE'!$B$5:$F$125,5,0) -> 107369.64 | I67: =AVERAGE(F67:H67) -> 208461.55 | J67: =I67*E67 -> 208461.55
A68: 58 | B68: Llantas delanteras | D68: UNIDAD | E68: 1 | F68: 714000 | G68: 1148486 | H68: =VLOOKUP(B68,'VALOR HISTORICO - PRESENTE'!$B$5:$F$125,5,0) -> 354975.45 | I68: =AVERAGE(F68:H68) -> 739153.82 | J68: =I68*E68 -> 739153.82
A69: 59 | B69: Llantas traseras | D69: UNIDAD | E69: 1 | F69: 714000 | G69: 1154264 | H69: =VLOOKUP(B69,'VALOR HISTORICO - PRESENTE'!$B$5:$F$125,5,0) -> 359357.87 | I69: =AVERAGE(F69:H69) -> 742540.62 | J69: =I69*E69 -> 742540.62
A70: 60 | B70: Espejos | D70: JUEGO | E70: 1 | F70: 196350 | G70: 239864 | H70: =VLOOKUP(B70,'VALOR HISTORICO - PRESENTE'!$B$5:$F$125,5,0) -> 74501.021 | I70: =AVERAGE(F70:H70) -> 170238.34 | J70: =I70*E70 -> 170238.34
A71: 61 | B71: Instalación de Maletero | D71: MANO DE OBRA | E71: 1 | F71: 101150 | G71: 140796 | H71: =VLOOKUP(B71,'VALOR HISTORICO - PRESENTE'!$B$5:$F$125,5,0) -> 43824.13 | I71: =AVERAGE(F71:H71) -> 95256.71 | J71: =I71*E71 -> 95256.71
A72: 62 | B72: Maletero | D72: UNIDAD | E72: 1 | F72: 535500 | G72: 569789 | H72: =VLOOKUP(B72,'VALOR HISTORICO - PRESENTE'!$B$5:$F$125,5,0) -> 174420.04 | I72: =AVERAGE(F72:H72) -> 426569.68 | J72: =I72*E72 -> 426569.68
A73: 63 | B73: Cambio de regulador | D73: MANO DE OBRA | E73: 1 | F73: 214200 | G73: 183064 | H73: =VLOOKUP(B73,'VALOR HISTORICO - PRESENTE'!$B$5:$F$125,5,0) -> 56971.369 | I73: =AVERAGE(F73:H73) -> 151411.79 | J73: =I73*E73 -> 151411.79
A74: 64 | B74: Cambio bobina de alta | D74: MANO DE OBRA | E74: 1 | F74: 185640 | G74: 77099 | H74: =VLOOKUP(B74,'VALOR HISTORICO - PRESENTE'!$B$5:$F$125,5,0) -> 24103.798 | I74: =AVERAGE(F74:H74) -> 95614.266 | J74: =I74*E74 -> 95614.266
A75: 65 | B75: Reparacion Arranque | D75: MANO DE OBRA | E75: 1 | F75: 612850 | G75: 595000 | I75: =AVERAGE(F75:H75) -> 603925 | J75: =I75*E75 -> 603925
A76: 66 | B76: Cambio bobinas pulsadoras | D76: MANO DE OBRA | E76: 1 | F76: 257040 | G76: 122989 | H76: =VLOOKUP(B76,'VALOR HISTORICO - PRESENTE'!$B$5:$F$125,5,0) -> 38565.234 | I76: =AVERAGE(F76:H76) -> 139531.41 | J76: =I76*E76 -> 139531.41
A77: 67 | B77: Revisión eléctrica | D77: MANO DE OBRA | E77: 1 | F77: 571200 | G77: 439580 | H77: =VLOOKUP(B77,'VALOR HISTORICO - PRESENTE'!$B$5:$F$125,5,0) -> 137607.77 | I77: =AVERAGE(F77:H77) -> 382795.92 | J77: =I77*E77 -> 382795.92
A78: 68 | B78: Sincronización | D78: MANO DE OBRA | E78: 1 | F78: 416500 | G78: 432847 | H78: =VLOOKUP(B78,'VALOR HISTORICO - PRESENTE'!$B$5:$F$125,5,0) -> 137170.05 | I78: =AVERAGE(F78:H78) -> 328839.02 | J78: =I78*E78 -> 328839.02
A79: 69 | B79: Cambio de retenes telescópicos | D79: MANO DE OBRA | E79: 1 | F79: 357000 | G79: 462613 | H79: =VLOOKUP(B79,'VALOR HISTORICO - PRESENTE'!$B$5:$F$125,5,0) -> 143305.43 | I79: =AVERAGE(F79:H79) -> 320972.81 | J79: =I79*E79 -> 320972.81
A80: 70 | B80: Cambio amortiguadores | D80: MANO DE OBRA | E80: 1 | F80: 357000 | G80: 240153 | H80: =VLOOKUP(B80,'VALOR HISTORICO - PRESENTE'!$B$5:$F$125,5,0) -> 75377.504 | I80: =AVERAGE(F80:H80) -> 224176.83 | J80: =I80*E80 -> 224176.83
A81: 71 | B81: Cambio rodamientos | D81: MANO DE OBRA | E81: 1 | F81: 214200 | G81: 192212 | H81: =VLOOKUP(B81,'VALOR HISTORICO - PRESENTE'!$B$5:$F$125,5,0) -> 60039.584 | I81: =AVERAGE(F81:H81) -> 155483.86 | J81: =I81*E81 -> 155483.86
A82: 72 | B82: Cambio buje suspensión trasera | D82: MANO DE OBRA | E82: 1 | F82: 328440 | G82: 353426 | H82: =VLOOKUP(B82,'VALOR HISTORICO - PRESENTE'!$B$5:$F$125,5,0) -> 110875.57 | I82: =AVERAGE(F82:H82) -> 264247.19 | J82: =I82*E82 -> 264247.19
A83: 73 | B83: Revisión suspensión | D83: MANO DE OBRA | E83: 1 | F83: 285600 | G83: 190405 | H83: =VLOOKUP(B83,'VALOR HISTORICO - PRESENTE'!$B$5:$F$125,5,0) -> 58286.619 | I83: =AVERAGE(F83:H83) -> 178097.21 | J83: =I83*E83 -> 178097.21
A84: 74 | B84: Cambio embrague | D84: MANO DE OBRA | E84: 1 | F84: 342720 | G84: 648550 | I84: =AVERAGE(F84:H84) -> 495635 | J84: =I84*E84 -> 495635
A85: 75 | B85: Cambio pedal del arranque | D85: MANO DE OBRA | E85: 1 | F85: 160650 | G85: 112103 | I85: =AVERAGE(F85:H85) -> 136376.5 | J85: =I85*E85 -> 136376.5
A86: 76 | B86: Cambio guaya embrague | D86: MANO DE OBRA | E86: 1 | F86: 114240 | G86: 105394 | I86: =AVERAGE(F86:H86) -> 109817 | J86: =I86*E86 -> 109817
A87: 77 | B87: Cambio eje de cambios | D87: MANO DE OBRA | E87: 1 | F87: 386750 | G87: 198477 | I87: =AVERAGE(F87:H87) -> 292613.5 | J87: =I87*E87 -> 292613.5
A88: 78 | B88: Cambio varilla de clutch | D88: MANO DE OBRA | E88: 1 | F88: 113050 | G88: 57428 | I88: =AVERAGE(F88:H88) -> 85239 | J88: =I88*E88 -> 85239
A89: 79 | B89: Tensionar embrague | D89: MANO DE OBRA | E89: 1 | F89: 113050 | G89: 59531 | I89: =AVERAGE(F89:H89) -> 86290.5 | J89: =I89*E89 -> 86290.5
A90: 80 | B90: Cambio de pastillas | D90: MANO DE OBRA | E90: 1 | F90: 116620 | G90: 57428 | I90: =AVERAGE(F90:H90) -> 87024 | J90: =I90*E90 -> 87024
A91: 81 | B91: Cambio disco frenos | D91: MANO DE OBRA | E91: 1 | F91: 178500 | G91: 59531 | I91: =AVERAGE(F91:H91) -> 119015.5 | J91: =I91*E91 -> 119015.5
A92: 82 | B92: Cambio campana y bandas | D92: MANO DE OBRA | E92: 1 | F92: 17850 | G92: 217809 | I92: =AVERAGE(F92:H92) -> 117829.5 | J92: =I92*E92 -> 117829.5
A93: 83 | B93: Revisión general de frenos | D93: MANO DE OBRA | E93: 1 | F93: 124950 | G93: 114413 | I93: =AVERAGE(F93:H93) -> 119681.5 | J93: =I93*E93 -> 119681.5
A94: 84 | B94: Cambio zapata de frenos | D94: MANO DE OBRA | E94: 1 | F94: 116620 | G94: 166502 | I94: =AVERAGE(F94:H94) -> 141561 | J94: =I94*E94 -> 141561
A95: 85 | B95: Cambio de la guaya | D95: MANO DE OBRA | E95: 1 | F95: 113050 | G95: 96159 | I95: =AVERAGE(F95:H95) -> 104604.5 | J95: =I95*E95 -> 104604.5
... A100: 90 | B100: Cambio piñón velocímetro | D100: MANO DE OBRA | E100: 1 | F100: 232050 | G100: 214740 | I100: =AVERAGE(F100:H100) -> 223395 | J100: =I100*E100 -> 223395
A101: 91 | B101: Enderezar rines y/o Cambio | D101: UNIDAD | E101: 1 | F101: 654500 | G101: 191221 | I101: =G101+H101 -> 191221 | J101: =I101*E101 -> 191221
A102: 92 | B102: Medición de compresión | D102: MANO DE OBRA | E102: 1 | F102: 178500 | G102: 78842 | I102: =AVERAGE(F102:H102) -> 128671 | J102: =I102*E102 -> 128671
A103: 93 | B103: Ajustar tiempo encendido | D103: MANO DE OBRA | E103: 1 | F103: 113050 | G103: 93747 | I103: =AVERAGE(F103:H103) -> 103398.5 | J103: =I103*E103 -> 103398.5
A104: 94 | B104: Cambio de anillos | D104: MANO DE OBRA | E104: 1 | F104: 1606500 | G104: 446047 | I104: =AVERAGE(F104:H104) -> 1026273.5 | J104: =I104*E104 -> 1026273.5
A105: 95 | B105: Descarbonar (cabeza fuerza) | D105: MANO DE OBRA | E105: 1 | F105: 892500 | G105: 800345 | I105: =AVERAGE(F105:H105) -> 846422.5 | J105: =I105*E105 -> 846422.5
A106: 96 | B106: Cambio cadenillas distribución | D106: MANO DE OBRA | E106: 1 | F106: 1130500 | G106: 483096 | I106: =AVERAGE(F106:H106) -> 806798 | J106: =I106*E106 -> 806798
A107: 97 | B107: Tensionar cadena | D107: MANO DE OBRA | E107: 1 | F107: 89250 | G107: 77870 | I107: =AVERAGE(F107:H107) -> 83560 | J107: =I107*E107 -> 83560
A108: 98 | B108: Cambio manubrio dirección | D108: MANO DE OBRA | E108: 1 | F108: 309400 | G108: 135184 | I108: =AVERAGE(F108:H108) -> 222292 | J108: =I108*E108 -> 222292
A109: 99 | B109: Casco Moto | D109: UNIDAD | E109: 1 | F109: 928200 | G109: 1564054 | I109: =AVERAGE(F109:H109) -> 1246127 | J109: =I109*E109 -> 1246127
A110: 100 | B110: Arreglo sillín | D110: UNIDAD | E110: 1 | F110: 279650 | G110: 304623 | I110: =AVERAGE(F110:H110) -> 292136.5 | J110: =I110*E110 -> 292136.5
A111: 101 | B111: Cambio empaque exosto | D111: MANO DE OBRA | E111: 1 | F111: 232050 | G111: 184054 | I111: =AVERAGE(F111:H111) -> 208052 | J111: =I111*E111 -> 208052
A112: 102 | B112: Cambio retenedores | D112: MANO DE OBRA | E112: 1 | F112: 297500 | G112: 226124 | I112: =AVERAGE(F112:H112) -> 261812 | J112: =I112*E112 -> 261812
A113: 103 | B113: Arreglo tanque de gasolina | D113: MANO DE OBRA | E113: 1 | F113: 374850 | G113: 479249 | I113: =AVERAGE(F113:H113) -> 427049.5 | J113: =I113*E113 -> 427049.5
... A129: 119 | B129: Cambio parrilla trasera | D129: MANO DE OBRA | E129: 1 | F129: 160650 | G129: 131133 | I129: =AVERAGE(F129:H129) -> 145891.5 | J129: =I129*E129 -> 145891.5
A131: OBSERVACIONES
A132: Es preciso señalar que el valor contemplado como presupuesto oficial surgió del análisis realizado del histórico de consumos mensuales del contrato de prestación de servicios 002-2024. Así mismo, dichos consumos mensuales obedecieron a los ítemas contratados y a la proyección del valor presente (5,2%) de cada uno; esto, conforme con lo establecido en el numeral 4.2. Preparación de datos: uso de valores monetarios históricos de la "GUÍA DE ELABORACIÓN DE ESTUDIOS DE SECTOR - GEES" de Colombia Compra Eficiente.
A133: PRESUPUESTO OFICIAL
A134: Con base en el anterior análisis, la Entidad estima el Presupuesto Oficial en la suma de NOVENTA Y NUEVE MILLONES SEISCIENTOS DIECISÉIS MIL DOSCIENTOS DIECIOCHO PESOS ($99.616.218) incluidos todos los impuestos, gastos, deducciones y costos directos e indirectos que conlleven la celebración y ejecución del contrato.
A136: NOMBRE DEL RESPONSABLE
A137: COORDINADORA GRUPO DE SERVICIOS ADMINISTRATIVOS
A138: CARGO QUE DESEMPEÑA
A140: Elaboró: Johan Prieto Gamboa / Asistente Administrativo

Sheet VALOR HISTORICO - PRESENTE
A2: CALCULO DEL VALOR MAXIMO A PAGAR POR LA ENTIDAD
A3: El calculo de valor unitario para cada una de las actividades es determinado mediante la proyección de los valores unitarios adjudicados en el contrato 002-2024, teniendo en cuenta que corresponde al ultimo contrato celebrado por la entidad y cuyo listado de items ha sido modificado y actualizado respecto a lo contratado en la vigencia 2024 y se realiza la proyección de los mismos conforme a lo establecido en el numeral 4.2. Preparación de datos: uso de valores monetarios históricos de la "GUÍA DE ELABORACIÓN DE ESTUDIOS DE SECTOR - GEES" de Colombia Compra Eficiente.
A4: Que con base en lo anterior, Dirección Seccional de Adminsitración Judicial de Bogotá calculo con el valor unitario del suministro y servicios a contratar, a través de el analisis de precios histórico redondeado a la unidad mayor con cero decimales
A5: ITEM | B5: PRODUCTO (NOMBRE DEL ÍTEM) | C5: CANT | D5: VALOR HISTORIO CONTRATO 002-2024 (VALOR PRESENTE) | E5: Inflación Anual (5.22%) | F5: VALOR UNITARIO VALOR PRESENTE
D6: VR / UNITARIO SIN IVA | E6: VR / INFLACION SIN IVA | F6: VR/UNITARIO + INFLACION SIN IVA
A7: 1 | B7: Batería 12V | C7: 1 | D7: 280000 | E7: =D7*0.0522 -> 14616 | F7: =D7+E7 -> 294616
A8: 2 | B8: Unidad direccional | C8: 1 | D8: 120785 | E8: =D8*0.0522 -> 6304.977 | F8: =D8+E8 -> 127089.98
A9: 3 | B9: Unidad farola | C9: 1 | D9: 239488 | E9: =D9*0.0522 -> 12501.274 | F9: =D9+E9 -> 251989.27
A10: 4 | B10: Unidad stop | C10: 1 | D10: 177846 | E10: =D10*0.0522 -> 9283.5612 | F10: =D10+E10 -> 187129.56
A11: 5 | B11: Regulador | C11: 1 | D11: 352359 | E11: =D11*0.0522 -> 18393.14 | F11: =D11+E11 -> 370752.14
A12: 6 | B12: Bobina de alta | C12: 1 | D12: 39984 | E12: =D12*0.0522 -> 2087.1648 | F12: =D12+E12 -> 42071.165
A13: 7 | B13: Bobinas pulsadoras | C13: 1 | D13: 198254 | E13: =D13*0.0522 -> 10348.859 | F13: =D13+E13 -> 208602.86
A14: 8 | B14: Cable bujía | C14: 1 | D14: 37902 | E14: =D14*0.0522 -> 1978.4844 | F14: =D14+E14 -> 39880.484
A15: 9 | B15: Arranque | C15: 1 | D15: 1056661 | E15: =D15*0.0522 -> 55157.704 | F15: =D15+E15 -> 1111818.7
A16: 10 | B16: Telescópicos | C16: 1 | D16: 2071255 | E16: =D16*0.0522 -> 108119.51 | F16: =D16+E16 -> 2179374.5
A17: 11 | B17: Barra telescópicos | C17: 1 | D17: 320705 | E17: =D17*0.0522 -> 16740.801 | F17: =D17+E17 -> 337445.8
A18: 12 | B18: Botella telescópicos | C18: 1 | D18: 324870 | E18: =D18*0.0522 -> 16958.214 | F18: =D18+E18 -> 341828.21
... A125: 119 | B125: Cambio parrilla trasera | C125: 1 | D125: 39151 | E125: =D125*0.0522 -> 2043.6822 | F125: =D125+E125 -> 41194.682
A127: OBSERVACIONES
A128: 1. El valor unitario para cada actividad, corresponde al valor unitario adjudicado en el contrato 002- de 2024 con la empresa TECNIMOTOR REPUESTOS Y RECTIFICADORA S.A.S durante la vigencia 2024 proyectado a la vigencia 2025 teniendo en cuenta el % de inflación anual registrado para el año 2025, siguiendo los parametros establecidos en el numeral 4.2 Preparación de datos: uso de valores monetarios históricos de la "GUÍA DE ELABORACIÓN DE ESTUDIOS DE SECTOR - GEES" de Colombia Compra Eficiente.
A130: INDIRA ELISA PACHÓN SERNA
A131: COORDINADORA DEL GRUPO DE SERVICIOS ADMINISTRATIVOS
A132: PROFESIONA UNIVERSITARIO GRADO 11
